Map: [ESL] Moondance

Players

BabyMarine

  • Race: Terran Terran
  • Spawn Location: 6:00

NightMare - Winner!

  • Race: Protoss Protoss
  • Spawn Location: 12:00

Event: DreamHack SC2 Masters 2022 Valencia

VOD

Have the link to the VOD?

Description

Time

  • Played on: July 1, 2022, 9:50 a.m.
  • Length: 10:48

All games in this series

Show
View Real Time Build Order
Export as new Build Order

BabyMarine Terran 

Build Orders:  

Get SALT Encoding   

  12  0:00  SCV  
  13  0:12  SCV  
  14  0:17  Supply Depot  
  14  0:24  SCV  
  14  0:27  Refinery  
  15  0:38  SCV  
  16  0:46  Barracks  
  16  0:50  SCV  
  17  1:02  SCV  
  18  1:15  SCV  
  19  1:32  Marine  
  19  1:34  Orbital Command  
  20  1:43  Factory  
  20  1:48  Supply Depot  
  20  1:50  Marine  
  22  2:01  SCV  
  22  2:11  Marine  
  22  2:14  SCV  
  24  2:16  Refinery  
  24  2:26  Armory  
  24  2:27  Widow Mine  
  24  2:29  SCV  
  27  2:33  Barracks Reactor  
  27  2:41  SCV  
  28  2:48  Widow Mine  
  30  2:58  Supply Depot  
  30  3:03  SCV, Command Center  
  31  3:17  Marine  
  31  3:19  Marine  
  35  3:20  SCV, Widow Mine  
  35  3:29  Barracks  
  35  3:32  SCV  
  36  3:35  Marine  
  37  3:44  SCV  
  36  3:49  Widow Mine  
  36  3:50  Starport  
  36  3:54  Marine x2  
  38  4:01  SCV  
  37  4:13  SCV  
  37  4:15  Factory  
  36  4:18  Barracks Tech Lab, Marine x2  
  38  4:25  SCV  
  38  4:36  Stimpack  
  38  4:38  SCV, Marine  
  39  4:40  Marine  
  39  4:44  Marauder  
  43  4:50  Orbital Command  
  43  4:53  Starport Reactor  
  43  4:55  SCV  
  43  4:57  Marine  
  43  4:59  Marine  
  46  5:02  Factory Reactor  
  46  5:07  Bunker  
  46  5:09  Marauder  
  46  5:11  SCV  
  49  5:16  SCV  
  49  5:17  Marine x2  
  52  5:24  Supply Depot  
  52  5:31  Marauder  
  52  5:35  SCV  
  54  5:40  Supply Depot  
  54  5:46  Marine, SCV, Medivac x2, Widow Mine  
  62  5:51  SCV  
  62  5:54  Marine  
  62  5:58  SCV  
  62  6:02  Widow Mine  
  63  6:05  SCV  
  63  6:07  Supply Depot, Marauder  
  63  6:09  Marine  
  63  6:10  SCV  
  68  6:19  Engineering Bay  
  68  6:20  Barracks  
  68  6:22  SCV x2  
  70  6:25  Combat Shield  
  70  6:30  Refinery  
  63  6:34  Marine, Marauder  
  63  6:38  SCV x2  
  69  6:40  Widow Mine  
  69  6:42  Widow Mine  
  69  6:45  Terran Infantry Weapons Level 1  
  71  6:51  SCV x2  
  73  6:56  Marine, Marauder  
  73  6:58  Medivac  
  78  7:07  Supply Depot  
  78  7:09  Supply Depot  
  78  7:12  Barracks Tech Lab  
  78  7:28  Command Center  
  78  7:29  SCV x2, Medivac, Marauder, Widow Mine  
  86  7:31  Marine x2, Marauder, Widow Mine  
  86  7:33  Concussive Shells  
  86  7:37  Refinery  
  92  7:41  SCV x2  
  94  7:45  Supply Depot  
  94  7:57  Marine x2  
  94  7:59  SCV x2  
  94  8:01  Marauder  
  94  8:02  Marine  
  92  8:11  SCV x2  
  90  8:20  Marauder  
  90  8:22  Marauder  
  90  8:23  Factory Reactor  
  90  8:24  Marine x2  
  90  8:25  SCV  
  95  8:31  Medivac  
  93  8:35  SCV, Command Center  
  93  8:42  Marine x2, Marauder  
  93  8:43  Marauder  
  93  8:46  SCV  
  96  9:00  Marine  
  96  9:02  Barracks x2  
  99  9:03  Marine, Marauder  
  99  9:07  Widow Mine  
  99  9:08  Widow Mine  
  99  9:09  Supply Depot, Marine  
  104  9:10  Supply Depot  
  105  9:17  Marine  
  105  9:21  Medivac x2  
  110  9:28  Marine x2  
  110  9:31  Widow Mine x2  
  114  9:47  Marine x2, Marauder  
  114  9:50  Barracks Tech Lab, Barracks Reactor  
  118  9:59  Marine  
  112  10:04  Marine  
  113  10:08  SCV x2  
  113  10:09  Marauder, Widow Mine x2  
  121  10:15  Orbital Command  
  121  10:16  Marine  
  121  10:17  Marauder x2  
  126  10:22  Marine  
  131  10:29  SCV  
  133  10:48  Supply Depot  
Show
View Real Time Build Order
Export as new Build Order

NightMare Protoss - Winner!

Build Orders: 1 Gate Expand 

Get SALT Encoding   

  12  0:00  Probe  
  13  0:12  Probe  
  14  0:17  Pylon  
  14  0:24  Probe (Chrono Boost)  
  15  0:35  Gateway  
  15  0:36  Probe (Chrono Boost)  
  16  0:44  Probe (Chrono Boost)  
  16  0:45  Assimilator  
  17  0:51  Probe  
  18  1:03  Probe  
  19  1:15  Probe  
  20  1:22  Cybernetics Core  
  22  1:31  Nexus  
  20  1:39  Pylon  
  20  1:41  Probe  
  21  1:50  Assimilator  
  21  1:53  Probe  
  22  1:57  Adept (Chrono Boost)  
  24  2:04  Warp Gate  
  24  2:05  Probe  
  24  2:18  Probe  
  24  2:19  Stalker  
  27  2:30  Probe  
  27  2:35  Robotics Facility  
  28  2:42  Probe  
  29  2:45  Probe  
  29  2:50  Stalker  
  32  2:54  Probe  
  32  2:56  Shield Battery  
  32  2:57  Probe  
  34  3:06  Probe  
  34  3:09  Probe, Gateway  
  36  3:18  Probe (Chrono Boost)  
  37  3:25  Observer (Chrono Boost)  
  33  3:30  Probe (Chrono Boost)  
  35  3:34  Pylon, Probe (Chrono Boost)  
  35  3:36  Probe (Chrono Boost)  
  35  3:40  Probe  
  37  3:44  Probe  
  38  3:52  Probe (Chrono Boost)  
  35  3:56  Observer, Stalker  
  35  3:57  Probe (Chrono Boost)  
  39  4:04  Probe (Chrono Boost)  
  39  4:07  Probe (Chrono Boost)  
  41  4:10  Probe (Chrono Boost)  
  41  4:12  Probe (Chrono Boost)  
  43  4:18  Twilight Council  
  43  4:19  Probe  
  43  4:21  Warp Prism  
  43  4:23  Probe  
  47  4:30  Stalker  
  49  4:31  Probe  
  49  4:35  Probe  
  49  4:37  Pylon  
  51  4:46  Probe  
  51  4:47  Probe  
  51  4:50  Blink (Chrono Boost)  
  53  4:57  Nexus  
  53  5:01  Observer  
  53  5:02  Probe x2  
  53  5:04  Pylon  
  56  5:08  Assimilator  
  56  5:14  Probe, Forge  
  56  5:16  Probe  
  57  5:23  Observer  
  58  5:32  Probe x2  
  58  5:34  Stalker x2  
  64  5:40  Gateway x2  
  64  5:48  Gateway  
  64  5:51  Gateway  
  64  5:54  Protoss Ground Weapons Level 1 (Chrono Boost)  
  64  5:59  Probe x2  
  64  6:02  Stalker  
  64  6:03  Stalker  
  70  6:06  Shield Battery  
  70  6:07  Pylon  
  70  6:14  Gateway  
  70  6:17  Probe x2  
  72  6:20  Probe  
  72  6:23  Charge (Chrono Boost)  
  74  6:25  Observer  
  74  6:26  Gateway  
  74  6:38  Stalker x4  
  74  6:39  Probe  
  83  6:40  Probe  
  83  6:41  Probe  
  85  6:52  Probe  
  85  6:53  Probe  
  85  6:54  Zealot x2  
  91  7:01  Observer  
  91  7:14  Nexus, Observer, Pylon x3  
  92  7:20  Zealot  
  93  7:26  Pylon  
  93  7:29  Robotics Bay  
  93  7:30  Pylon  
  93  7:31  Protoss Ground Armor Level 1 (Chrono Boost)  
  93  7:33  Zealot x3  
  93  7:34  Zealot x4  
  107  7:52  Zealot  
  107  7:55  Zealot x6  
  107  7:57  Probe x3  
  109  8:04  Zealot  
  109  8:09  Probe x2  
  109  8:12  Probe  
  108  8:13  Stalker  
  106  8:21  Probe  
  106  8:23  Probe  
  106  8:24  Probe  
  105  8:33  Probe  
  102  8:35  Probe  
  102  8:36  Photon Cannon, Probe  
  102  8:39  Colossus (Chrono Boost)  
  96  8:42  Extended Thermal Lance  
  94  8:49  Zealot x3  
  96  8:56  Zealot x2  
  100  9:04  Observer, Probe x2  
  100  9:05  Probe  
  100  9:06  Probe  
  104  9:11  Templar Archives, Colossus (Chrono Boost)  
  104  9:19  Probe x3  
  104  9:20  Probe  
  114  9:31  Probe x3  
  116  9:32  Probe  
  116  9:33  Photon Cannon  
  117  9:46  Zealot  
  117  9:47  Zealot x6  
  117  9:51  Zealot  
  133  9:53  Pylon  
  133  9:57  Colossus (Chrono Boost)  
  125  10:07  Zealot  
  125  10:08  Zealot x3  
  133  10:16  Stalker  
  133  10:17  Stalker  
  133  10:18  Stalker  
  139  10:24  Stalker  
  141  10:31  Stalker x3  
  141  10:32  Stalker  
  149  10:38  Pylon x2  
  152  10:46  Photon Cannon  

Tags
 
Add a new tag
Caveats
  • Supply blocks, unpowered buildings, or Contaminate may cause inaccurate times.
  • Supply counts are checked every 10 seconds.